 Dungeon Crawl Stone Soup version 0.28.0 (webtiles) character file.

Game seed: 5385993479237494345

224270 GrayStillPlays the Demon Slayer (level 19, -4/150 HPs)
             Began as a Vine Stalker Fighter on Feb 6, 2022.
             Was a High Priest of the Shining One.
             Slain by Sojobo (5 damage)
             ... on level 2 of the Vaults on Feb 7, 2022.
             The game lasted 03:36:56 (34833 turns).

GrayStillPlays the Demon Slayer (VSFi)             Turns: 34833, Time: 03:36:57

Health: -4/150     AC: 28    Str: 22    XL:     19   Next: 29%
Magic:  0/33       EV:  2    Int: 20    God:    the Shining One [*****.]
Gold:   4203       SH: 29    Dex: 12    Spells: 16/37 levels left

rFire   + . .      SeeInvis .   a - +7 rapier (protect) {short}
rCold   . . .      Faith    .   g - +1 kite shield
rNeg    + + .      Spirit   +   (armour currently unavailable)
rPois   +          Reflect  +   (helmet currently unavailable)
rElec   .          Harm     .   (cloak currently unavailable)
rCorr   .          Rampage  .   (gloves currently unavailable)
Will    ++...      NoTele   +   (boots currently unavailable)
Stlth   ..........              M - amulet "Tynixoxo" {Reflect Str+2 Int+6 Dex-3 SH+5}
HPRegen 1.15/turn               i - ring of protection from fire
MPRegen 0.23/turn               F - +4 ring of protection

@: mighty, divinely shielded, tree-form, silenced (expiring), corroded, under a
protective aura, hasted, glowing, studying Throwing, very quick
A: stationary, stasis, torment immunity, boosted hp, (fangs 3), regeneration 1,
magic shield, (antimagic bite), no potion heal 2
}: 1/15 runes: decaying
a: Renounce Religion


You were on level 2 of the Vaults.
You worshipped the Shining One.
The Shining One was extremely pleased with you.
You were a tree.
You visited 7 branches of the dungeon, and saw 33 of its levels.
You also visited: Ossuary, Ice Cave and Volcano.

You collected 5053 gold pieces.
You spent 850 gold pieces at shops.


Innate Abilities, Weirdness & Mutations

You are a tree.
Your roots penetrate the ground, keeping you stationary.
You cannot be teleported.
You are immune to unholy pain and torment.
Your maximum health is greatly increased.
Your equipment is partially melded.
((You have razor-sharp teeth.))
Your natural rate of healing is unusually fast.
When hurt, damage is shared between your health and your magic reserves.
((Your bite disrupts and absorbs the magic of your enemies.))
Potions cannot restore your health.


   Skills:
 - Level 11.2 Fighting
 - Level 14.0 Short Blades
 - Level 9.5 Armour
 - Level 8.5 Dodging
 + Level 11.8 Shields
 - Level 9.6 Spellcasting
 - Level 9.5 Transmutations
 * Level 5.4 Air Magic
 - Level 5.1 Earth Magic
 - Level 7.8 Poison Magic
 - Level 14.3 Invocations
 - Level 4.3 Evocations


You had 16 spell levels left.
You knew the following spells:

 Your Spells              Type           Power      Damage    Failure   Level
a - Wereblood             Tmut           47%        N/A       1%          2
b - Sting                 Tmut/Pois      100%       1d8       1%          1
c - Olgreb's Toxic Radia  Pois           40%        N/A       6%          4
d - Ignite Poison         Fire/Tmut/Pois 32%        N/A       4%          3
e - Statue Form           Tmut/Erth      25%        N/A       75%         6
f - Blink                 Tloc           18%        N/A       22%         2
g - Mephitic Cloud        Conj/Pois/Air  27%        N/A       8%          3

Your spell library contained the following spells:

 Spells                   Type           Power      Damage    Failure   Level
 Sandblast                Erth           60%        2d14      1%          1
 Passwall                 Tmut/Erth      31%        N/A       1%          2
 Poisonous Vapours        Pois/Air       72%        N/A       1%          2
 Animate Skeleton         Necr           18%        N/A       16%         1
 Apportation              Tloc           18%        N/A       16%         1
 Summon Small Mammal      Summ           36%        N/A       16%         1
 Sublimation of Blood     Necr           9%         N/A       22%         2
 Conjure Flame            Conj/Fire      9%         6-21      41%         3
 Animate Armour           Summ/Erth      38%        N/A       45%         4
 Irradiate                Conj/Tmut      14%        3d18      50%         5
 Eringya's Noxious Bog    Tmut/Pois      22%        N/A       54%         6
 Borgnjor's Vile Clutch   Necr/Erth      9%         N/A       82%         5
 Sticky Flame             Conj/Fire      9%         2d3       83%         4
 Fireball                 Conj/Fire      4%         3d4       99%         5
 Manifold Assault         Tloc           9%         N/A       99%         5
 Summon Forest            Summ/Tloc      4%         N/A       99%         5
 Storm Form               Tmut/Air       19%        N/A       99%         7
 Conjure Ball Lightning   Conj/Air       10%        3x3d6     100%        6
 Starburst                Conj/Fire      4%         6d4       100%        6
 Summon Hydra             Summ           4%         N/A       100%        7
 Discord                  Hex            4%         N/A       100%        8
 Disjunction              Tloc           4%         N/A       100%        8
 Ignition                 Fire           4%         3d4       100%        8

Inventory:

Hand Weapons
 a - a +7 rapier of protection (weapon) {short}
Missiles
 U - a curare-tipped dart (quivered) {=fthrowing}
 X - 2 atropa-tipped darts {throwing}
Armour
 g - a +1 kite shield (worn)
   (You found it on level 15 of the Dungeon)
 j - a +2 plate armour of poison resistance
   (You took it off a crimson imp on level 10 of the Dungeon)
 t - the +0 leather armour of Viosette {rF+ Regen+ rCorr}
   (You found it on level 3 of the Swamp)

   rF:        It protects you from fire.
   Regen:     It increases your rate of health regeneration.
   rCorr:     It protects you from acid and corrosion.
 x - the +1 helmet of the Spider Nest (melded) {rElec}
   (You found it on level 2 of the Lair of Beasts)

   rElec:     It insulates you from electricity.
 y - +2 swamp dragon scales (melded)
   (You found it on level 1 of the Swamp)
 D - a +2 pair of boots (melded)
   (You found it on level 5 of the Dungeon)
 J - the +3 Mad Mage's Maulers {Infuse+∞ RegenMP Int-3}
   (You found it on level 3 of the Swamp)

   It empowers its wearer's blows with all of their magic.
   It causes its wearer's magical reserves to regenerate more quickly.
   Int:       It affects your intelligence (-3).
 K - a +4 troll leather armour {Snorg}
   (You found it on level 3 of the Lair of Beasts)
 O - a +2 pair of gloves (melded)
   (You found it on level 7 of the Dungeon)
 T - a +2 cloak (melded)
   (You found it on level 10 of the Dungeon)
Jewellery
 i - a ring of protection from fire (left branch)
   (You found it on level 5 of the Lair of Beasts)
 l - a ring of willpower
   (You found it on level 11 of the Dungeon)
 B - a ring of resist corrosion
   (You found it on level 13 of the Dungeon)
 F - a +4 ring of protection (right branch)
   (You found it on level 5 of the Dungeon)
 M - the amulet "Tynixoxo" (around neck) {Reflect Str+2 Int+6 Dex-3 SH+5}
   (You bought it in a shop on level 2 of the Orcish Mines)

   [amulet of reflection]

   It reflects blocked missile attacks.
   Str:       It affects your strength (+2).
   Int:       It affects your intelligence (+6).
   Dex:       It affects your dexterity (-3).
   SH:        It affects your SH (+5).
Wands
 c - a wand of iceblast (3)
   (You found it on level 1 of the Spider Nest)
 m - a wand of digging (15)
   (You found it on level 4 of the Lair of Beasts)
 s - a wand of polymorph (39)
   (You found it on level 8 of the Dungeon)
 R - a wand of charming (19)
   (You found it on level 2 of the Swamp)
 S - a wand of acid (18)
   (You found it on level 8 of the Dungeon)
 Z - a wand of paralysis (14)
   (You found it in an ice cave)
Scrolls
 b - 3 scrolls of enchant armour
 e - 2 scrolls of magic mapping {!r}
 k - 5 scrolls of blinking {!r}
 o - 4 scrolls of fog
 r - 19 scrolls of teleportation {@r4}
 u - 2 scrolls of summoning
 v - 2 scrolls of brand weapon
 w - 3 scrolls of holy word
 z - 3 scrolls of amnesia
 C - 4 scrolls of fear
 E - 5 scrolls of immolation {!r!r}
Potions
 d - 5 potions of might
 h - a potion of cancellation
 n - 3 potions of brilliance
 p - 9 potions of haste {@q3}
 q - 3 potions of lignification {!q}
 G - a potion of attraction {!q}
 H - 3 potions of flight
 I - a potion of invisibility
 L - 10 potions of curing {@q1}
 N - 2 potions of berserk rage {!q}
 P - 5 potions of resistance
 Q - a potion of magic
 W - a potion of heal wounds {@q2}
 Y - 2 potions of mutation {!q}

Dungeon Overview and Level Annotations

Branches:
Dungeon (15/15)            Temple (1/1) D:5            Lair (6/6) D:11
  Swamp (4/4) Lair:4       Spider (3/4) Lair:3          Orc (2/2) D:12
    Elf (0/3) Orc:2        Vaults (2/5) D:14         Depths (0/4) D:15
Ossuary (visited)           IceCv (visited)         Volcano (visited)
  Slime: Lair:5-6     Crypt: Vaults:2-3

Altars:
Ashenzari
Cheibriados
Dithmenos
Fedhas
Gozag
Hepliaklqana
Kikubaaqudgha
Makhleb
Nemelex Xobeh
Okawaru
Ru
Sif Muna
Trog
Wu Jian
Xom
Yredelemnul
Zin
The Shining One
Beogh

Shops:
D:7 :   D:10 *(   D:12 *   D:13 (   Orc:2 *(?=

Annotations:
D:10 4 runed translucent doors
D:11 2 runed translucent doors
Lair:1 exclusion: oklob plant
Lair:3 exclusion: oklob plant
Lair:4 exclusion: 3 oklob plants
Lair:5 2 transporters, exclusions: ice statue and oklob plant, Mahakala's ghost, journeyman DgAE
Lair:6 exclusion: 2 oklob plants
Spider:3 Mara
Vaults:2 Sojobo

#.....................
#......................
#......................
#......................
#......................
#....................$.
#......................
##..########.†.AEE......
.#..# #..EQ♣......#
.#..# #############
.#..# .'..# .#..# .#..#
.#..# .#... .#....


You could see Sojobo (repels missiles), 3 air elementals and a friendly daeva
(summoned).


Message History

Sojobo is smitten.
Sojobo hits you with a +2 great sword of electrocution!!
* * * LOW HITPOINT WARNING * * *
You block Sojobo's attack.
Sojobo claws you but does no damage. 😱 HP[-16] MP[-2]
You take 16 damage, and now have 11/100 hp.
You lost 2 mp, and now have 1/33 mp.
Really quaff the potion of lignification?
You turn into a tree.
Your +2 cloak melds into your body.
The +1 helmet of the Spider Nest {rElec} melds into your body.
Your +2 pair of gloves melds into your body.
Your +2 pair of boots melds into your body.
Your +2 swamp dragon scales melds into your body.
Your roots penetrate the ground.
Sojobo hits you with a +2 great sword of electrocution.
* * * LOW HITPOINT WARNING * * *
Sojobo pecks you.
* * * LOW HITPOINT WARNING * * *
You block Sojobo's attack. 😱 HP[-2] MP[-1]
You now have 150 max hp (+50).
You lost 1 mp, and now have 0/33 mp.
You hit Sojobo but do no damage. 😱 HP[+1]
You miss Sojobo.
Your daeva hits Sojobo with a +4 eudemon blade of holy wrath. x2
You block Sojobo's attack. Sojobo pecks you.
* * * LOW HITPOINT WARNING * * *
You block Sojobo's attack. 😱 HP[-3]
You take 3 damage, and now have 7/150 hp.
Magic scrolls do not work when you're silenced!
You feel very mighty all of a sudden. 😱 HP[+1] MP[+1]
You puncture Sojobo!
Your daeva calls down the wrath of the Shining One upon Sojobo.
Sojobo is smitten.
You block Sojobo's attack. x2; Sojobo claws you.
* * * LOW HITPOINT WARNING * * *
😱 HP[-2]
You take 2 damage, and now have 6/150 hp.
You closely miss Sojobo. 😱 HP[+1]
You miss Sojobo. You closely miss Sojobo.
Your daeva calls down the wrath of the Shining One upon Sojobo.
Sojobo is smitten.
You block Sojobo's attack. x2; Sojobo claws you.
* * * LOW HITPOINT WARNING * * *
You hit Sojobo but do no damage. You hit Sojobo.
Your daeva calls down the wrath of the Shining One upon Sojobo.
Sojobo is smitten.
You block Sojobo's attack. Sojobo pecks you but does no damage.
Sojobo claws you but does no damage. 😱 HP[+1]
You puncture Sojobo! You hit Sojobo. 😱 HP[+1]
You puncture Sojobo!
Your daeva closely misses Sojobo.
Your daeva hits Sojobo with a +4 eudemon blade of holy wrath!
Sojobo mumbles some strange words.
You miss Sojobo.
The air elemental disappears in a puff of smoke!
The air elemental fires a burst of electricity at you.
The stunning burst hits you but does no damage.
You suddenly lose the ability to move!
Your daeva blocks the air elemental's attack.
The air elemental hits you.
* * * LOW HITPOINT WARNING * * *
Your daeva blocks the air elemental's attack.
The air elemental hits you!
* * * LOW HITPOINT WARNING * * *
Your daeva calls down the wrath of the Shining One upon Sojobo.
Sojobo is smitten.
Sojobo hits you with a +2 great sword of electrocution.
The Shining One protects you from harm! Sojobo barely misses you.
Sojobo claws you but does no damage.
Your daeva blocks the air elemental's attack.
The air elemental hits you but does no damage.
The air elemental barely misses you.
You can move again. 😱 HP[-8] MP[-1]
You take 8 damage, and now have 1/150 hp.
You lost 1 mp, and now have 0/33 mp.
Okay, then.
Aiming: Iceblast
Press: ? - help, Q - select action, (/) - cycle Shift-Dir - straight line, p - Sojobo
Okay, then.
Aiming: Corrosive Bolt
Press: ? - help, Q - select action, (/) - cycle Shift-Dir - straight line, f - you, p - Sojobo
Okay, then.
Aiming: Charm
Press: ? - help, Q - select action, (/) - cycle Shift-Dir - straight line, f/p - Sojobo
Aim: Sojobo, wielding a +2 great sword of electrocution and wearing a +2 ring mail of cold resistance (almost dead, repelling missiles, ally target, haloed, chance to affect: 0%)
Okay, then.
Unknown command.
You hit Sojobo. You block the air elemental's attack.
The air elemental hits you but does no damage.
The air elemental hits your daeva.
Your daeva hits the air elemental with a +4 eudemon blade of holy wrath! x2
You hit Sojobo. You block the air elemental's attack.
Sojobo hits you with a +2 great sword of electrocution.
You die...

Skill      XL: |  1  2  3  4  5  6  7  8  9 10 11 12 13 14 15 16 17 18 19 |
---------------+----------------------------------------------------------+-----
Short Blades   | 2 3 4 5 6 7 8 9 10 11 12 13 14 | 14.0
Fighting       | 3 4 5 6 7 8 9 10 11 | 11.2
Shields        | 3 4 5 6 7 9 11 | 11.8
Armour         | 3 4 5 6 7 8 9 |  9.5
Dodging        | 1 3 4 6 7 8 |  8.5
Invocations    | 1 4 5 7 8 9 10 11 13 14 | 14.3
Spellcasting   | 3 4 6 7 8 9 |  9.6
Transmutations | 1 4 7 9 |  9.5
Poison Magic   | 3 5 6 7 |  7.8
Evocations     | 3 4 |  4.3
Earth Magic    | 5 |  5.1
Air Magic      | 5 |  5.4

Action                   |  1- 3 |  4- 6 |  7- 9 | 10-12 | 13-15 | 16-18 | 19-21 || total
-------------------------+-------+-------+-------+-------+-------+-------+-------++-------
Melee: Rapier            |    67 |       |   353 |   608 |  1532 |  1945 |   182 ||  4687
       Bite              |    17 |    47 |   143 |   302 |   834 |  1060 |   105 ||  2508
       Mace              |    20 |   223 |    30 |       |       |       |       ||   273
Throw: Dart              |       |       |    19 |    16 |    19 |     2 |       ||    56
 Cast: Wereblood         |       |       |       |       |     4 |     6 |       ||    10
       Olgreb's Toxic Ra |       |       |       |       |       |    23 |     9 ||    32
       Ignite Poison     |       |       |       |       |       |     3 |     6 ||     9
Invok: Divine Shield     |       |       |       |     1 |     9 |    12 |     2 ||    24
       Summon Divine War |       |       |       |       |     1 |    12 |     1 ||    14
       Cleansing Flame   |       |       |       |       |     1 |       |       ||     1
Evoke: Wand              |       |       |     1 |    12 |       |       |       ||    13
  Use: Scroll            |       |     4 |     7 |    20 |     5 |    22 |     1 ||    59
       Potion            |       |       |       |       |     2 |     3 |     3 ||     8
Armor: Scale mail        |    43 |   122 |       |       |       |       |       ||   165
       Chain mail        |       |    26 |   172 |   158 |       |       |       ||   356
       Plate armour      |       |       |       |   234 |       |   413 |       ||   647
       Troll leather arm |       |       |       |       |   368 |   309 |       ||   677
       Robe              |       |       |       |       |    70 |       |       ||    70
       Skin              |       |       |       |       |       |     9 |     6 ||    15
       Swamp dragon scal |       |       |       |       |       |   250 |    72 ||   322
       Leather armour    |       |       |       |       |       |    40 |       ||    40
Dodge: Dodged            |    49 |   119 |    93 |   154 |   479 |   636 |    48 ||  1578
Block: Buckler           |    16 |    73 |   169 |   359 |   762 |    44 |       ||  1423
       Reflection        |       |       |     5 |    11 |    20 |    31 |     4 ||    71
       Kite shield       |       |       |       |       |       |  1449 |   130 ||  1579

Levels and vault maps discovered:
D:1:      nicolae_arrival_washed_ashore, layout_loops_ring, minmay_pentomino_p4
D:2:      layout_basic, uniq_natasha
D:3:      layout_basic
D:4:      layout_rooms, gammafunk_ghost_mausoleum, due_unseen_surprise
D:5:      layout_gridville, minmay_temple_entry_water_ring
D:6:      layout_cave_pools, biasface_ghost_orc_armoury, sigmund_army
D:7:      layout_gridville, gup_ossuary_entry_pyramid, minmay_liquid_box,
          nicolae_shop_self_help
D:8:      layout_loops_ring, okawaru_humans
D:9:      layout_roguey
D:10:     lemuel_bear_cage, layout_basic, serial_shops, shop,
          minmay_shop_mayhem, minmay_nine_imps
D:11:     minmay_distorted_concentric_squares, layout_loops_corners,
          grunt_lair_entry_orc_guard_hut, lightli_elemental_guards
D:12:     layout_loops_ring, zombieorc1_lemuel, drop_trap, minivault_1,
          nicolae_shop_overcharged_wands
D:13:     layout_irregular_city, serial_shops, shop,
          portal_ice_cave_entry_animals_and_master, dk_noncrumbling_4,
          nicolae_rejected_hall, uniq_azrael
D:14:     layout_basic, david_vaults_5, nicolae_gozag_seed_capital, uniq_frances
D:15:     gammafunk_depths_entry_grave, layout_loops_ring,
          nicolae_ashenzari_skybound, xom_confusion_cloud
Temple:   compressed_dpeg_circular_temple
Lair:1:   layout_small_grid, hellmonk_guarded_unrand_vines,
          infiniplex_staircase_pool_2, uniq_nergalle, uniq_maggie
Lair:2:   layout_roguey, lemuel_fruit_fields, lemuel_fruit_tree,
          infiniplex_staircase_pool
Lair:3:   layout_loops_ring, nicolae_spider_entry_tight_spaces,
          hangedman_tree_tricks, patterned_corridor, uniq_snorg, uniq_rupert
Lair:4:   layout_roguey, skrybe_swamp_entry_bodies,
          lightli_volcano_entry_magma_tube, disabler_island, uniq_nessos
Lair:5:   layout_cave_pods, nzn_ghost_randoct, grunt_megastairs_3
Lair:6:   evilmike_catoblepas_cave, layout_cave_shapes, dpeg_slime_entry_corner,
          basic_altar, dpeg_oklob_1
Swamp:1:  layout_falls_marsh, evilmike_swamp_ruin_house_3, uniq_josephine,
          uniq_mlioglotl, uniq_kirke, uniq_louise
Swamp:2:  layout_basic_swamp, nicolae_swamp_very_dense_foliage
Swamp:3:  layout_basic_swamp, evilmike_swamp_ruin_house_6, swamp_pool1,
          hangedman_swamp_lotus, nicolae_swamp_triple_paths,
          nicolae_swamp_wisp_ring_woods
Swamp:4:  swamp_old_school, layout_basic_swamp, nicolae_swamp_baby_hydras
Spider:1: layout_spider_delve, uniq_donald, uniq_aizul, uniq_roxanne
Spider:2: nicolae_spider_hilbert_zone_1 [nicolae_spider_hilbert_4_sides_1_open,
          nicolae_spider_hilbert_4_sides_1_open,
          nicolae_spider_hilbert_4_sides_1_open,
          nicolae_spider_hilbert_4_sides_1_open,
          nicolae_spider_hilbert_3_sides_1_open,
          nicolae_spider_hilbert_3_sides_1_open,
          nicolae_spider_hilbert_3_sides_1_open,
          nicolae_spider_hilbert_3_sides_1_open,
          nicolae_spider_hilbert_3_sides_1_open,
          nicolae_spider_hilbert_6_sides_1_open,
          nicolae_spider_hilbert_6_sides_1_open,
          nicolae_spider_hilbert_3_sides_1_open,
          nicolae_spider_hilbert_3_sides_1_open,
          nicolae_spider_hilbert_3_sides_1_open,
          nicolae_spider_hilbert_3_sides_1_open,
          nicolae_spider_hilbert_2_sides_1_open], hellmonk_spider_spawner,
          uniq_agnes
Spider:3: layout_spider_delve, uniq_mara
Orc:1:    cheibrodos_orc_bank, layout_diamond_mine, serial_shops, shop
Orc:2:    st_orc_elflike, layout_caves, mines2_lemuel
Vaults:1: vaults_room_guarded_vault, nicolae_vaults_asterisk,
          vaults_room_fancy_cross, v_alt_pattern_4, v_alt_pattern_3,
          nicolae_vaults_theta, nicolae_vaults_circle_grid_b,
          vaults_dpeg_spiral, v_alt_pattern_2, nicolae_vaults_little_squares_6,
          layout_vaults_omnicross
Vaults:2: v_misc_17, nicolae_vaults_shelves_hall, v_alt_pattern_6,
          hangedman_vaults_cutoff, vaults_room_boxed, ontoclasm_vaults_bender,
          vaults_dpeg_diagonal, minmay_crypt_entry_simple_corners,
          hangedman_vaults_nodes, nicolae_vaults_alarming, v_misc_33, v_misc_24,
          nicolae_vaults_rhombus_7, layout_vaults_omnibox, uniq_sojobo,
          uniq_frederick

Notes
Turn   | Place    | Note
-------+----------+-------------------------------------------
     0 | D:1      | GrayStillPlays the Vine Stalker Fighter began the quest for
                  | the Orb.
     0 | D:1      | Reached XP level 1. HP: 11/11 MP: 2/2
     0 | D:1      | magus.rc [v1.9.6]
   308 | D:1      | Reached skill level 2 in Short Blades
   308 | D:1      | Reached XP level 2. HP: 16/16 MP: 3/3
   567 | D:1      | Reached skill level 3 in Fighting
   567 | D:1      | Reached skill level 3 in Shields
   570 | D:1      | Reached XP level 3. HP: 19/20 MP: 4/4
  1068 | D:1      | Gained mutation: Your natural rate of healing is unusually
                  | fast. [Vine Stalker growth]
  1068 | D:1      | Reached XP level 4. HP: 24/24 MP: 5/5
  1303 | D:2      | Noticed Natasha
  1306 | D:2      | Reached skill level 3 in Armour
  1320 | D:2      | Killed Natasha
  1369 | D:2      | Reached XP level 5. HP: 18/28 MP: 2/6
  1853 | D:2      | Noticed Natasha
  1856 | D:2      | Killed Natasha
  1878 | D:2      | Noticed Natasha
  1896 | D:2      | Killed Natasha
  1897 | D:2      | Reached skill level 3 in Short Blades
  2348 | D:3      | Reached XP level 6. HP: 33/33 MP: 7/7
  2521 | D:4      | Found a transporter.
  2547 | D:4      | Found a transporter.
  2553 | D:4      | Noticed issech's ghost (amateur TrMo)
  2637 | D:4      | Reached skill level 4 in Fighting
  2660 | D:4      | Reached skill level 4 in Shields
  3023 | D:5      | Entered Level 5 of the Dungeon
  3038 | D:5      | Reached XP level 7. HP: 33/37 MP: 6/8
  3284 | D:5      | Found a staircase to the Ecumenical Temple.
  3294 | Temple   | Entered the Ecumenical Temple
  3331 | Temple   | Became a worshipper of the Shining One
  3399 | D:5      | Reached skill level 4 in Armour
  3429 | D:5      | Reached skill level 4 in Short Blades
  3474 | D:5      | Gained mutation: You have razor-sharp teeth. [Vine Stalker
                  | growth]
  3474 | D:5      | Reached XP level 8. HP: 41/42 MP: 7/9
  4113 | D:6      | Reached skill level 5 in Fighting
  4113 | D:6      | Reached skill level 5 in Shields
  4274 | D:6      | Reached skill level 5 in Short Blades
  4297 | D:6      | Reached skill level 5 in Armour
  4399 | D:6      | Reached XP level 9. HP: 44/48 MP: 7/10
  4616 | D:6      | Found a runed translucent gate.
  4616 | D:6      | Found a runed translucent gate.
  4616 | D:6      | Found a runed translucent gate.
  4622 | D:6      | Noticed tizbic2's ghost (novice DjNe)
  4854 | D:7      | Found Xousoxef's Self-Improvement Boutique.
  4905 | D:7      | Found a sand-covered staircase.
  4905 | D:7      | Reached * piety under the Shining One
  4913 | Ossuary  | Entered an ossuary
  4958 | Ossuary  | Reached ** piety under the Shining One
  4985 | Ossuary  | Reached skill level 6 in Fighting
  4985 | Ossuary  | Reached skill level 6 in Shields
  6010 | D:8      | Reached skill level 6 in Short Blades
  6199 | D:8      | Reached skill level 6 in Armour
  6225 | D:8      | Identified the +1 ring mail of Untruth {Harm rElec rPois
                  | Stlth-}
  6381 | D:8      | You pick up a book of Chaos and begin reading...
  6381 | D:8      | You add the spells Conjure Ball Lightning, Disjunction and
                  | Discord to your library.
  6423 | D:8      | Found an iron altar of Okawaru.
  6441 | D:8      | Reached skill level 1 in Dodging
  6441 | D:8      | Reached skill level 1 in Invocations
  6448 | D:8      | Reached XP level 10. HP: 51/53 MP: 9/12
  6623 | D:8      | You pick up a book of Blood and begin reading...
  6623 | D:8      | You add the spells Sublimation of Blood, Wereblood and
                  | Summon Hydra to your library.
  6770 | D:8      | Reached skill level 2 in Invocations
  6783 | D:8      | Reached skill level 7 in Fighting
  6871 | D:9      | Identified the ring "Ilomub" {Ice rPois}
  6962 | D:9      | Reached *** piety under the Shining One
  7149 | D:9      | Noticed a two-headed ogre
  7164 | D:9      | Killed a two-headed ogre
  7165 | D:9      | Reached skill level 2 in Dodging
  7165 | D:9      | Reached skill level 1 in Spellcasting
  7537 | D:9      | Reached skill level 3 in Invocations
  7721 | D:10     | Entered Level 10 of the Dungeon
  7749 | D:9      | Reached skill level 7 in Short Blades
  7770 | D:9      | Reached skill level 2 in Spellcasting
  7876 | D:10     | Reached skill level 3 in Dodging
  7953 | D:10     | Found Peemao's Weapon Boutique.
  8041 | D:10     | Found Mesypsuiq's Mayhem Merchandise.
  8105 | D:10     | Noticed a kobold demonologist
  8138 | D:10     | Noticed an orange demon
  8160 | D:9      | Killed a kobold demonologist
  8300 | D:10     | Found a huge runed translucent gate.
  8301 | D:10     | Found a huge runed translucent gate.
  8301 | D:10     | Found a huge runed translucent gate.
  8301 | D:10     | Found a huge runed translucent gate.
  8301 | D:10     | Reached **** piety under the Shining One
  8313 | D:10     | Reached skill level 3 in Spellcasting
  8341 | D:10     | Reached skill level 4 in Invocations
  8584 | D:10     | Reached XP level 11. HP: 60/60 MP: 15/17
  8906 | D:11     | Reached ***** piety under the Shining One
  8915 | D:11     | Reached skill level 8 in Fighting
  8946 | D:11     | Reached skill level 4 in Spellcasting
  9372 | D:11     | Noticed a cyclops
  9380 | D:11     | Killed a cyclops
  9381 | D:11     | Reached skill level 4 in Dodging
  9414 | D:11     | Noticed a cyclops
  9417 | D:11     | Reached skill level 5 in Invocations
  9428 | D:11     | Noticed a cyclops
  9493 | D:11     | Killed a cyclops
  9504 | D:11     | Killed a cyclops
  9505 | D:11     | Reached skill level 8 in Short Blades
  9513 | D:11     | Found a large runed translucent door.
  9515 | D:11     | Found a large runed translucent door.
  9539 | D:11     | Identified the +8 hand axe "Exosomuff" {pain, rF+ rCorr}
  9832 | D:11     | Found a staircase to the Lair.
  9894 | D:11     | Learned a level 2 spell: Wereblood
 10174 | Lair:1   | Entered Level 1 of the Lair of Beasts
 10240 | Lair:1   | Noticed Maggie
 10302 | Lair:1   | Killed Maggie
 10303 | Lair:1   | Reached skill level 1 in Transmutations
 10315 | Lair:1   | Noticed Nergalle
 10356 | Lair:1   | Killed Nergalle
 10524 | Lair:1   | Reached XP level 12. HP: 65/65 MP: 20/20
 10591 | Lair:1   | Noticed an eight-headed hydra
 10604 | Lair:1   | Killed an eight-headed hydra
 10605 | Lair:1   | Reached skill level 5 in Dodging
 10605 | Lair:1   | Reached skill level 2 in Transmutations
 10605 | Lair:1   | Reached skill level 6 in Invocations
 10631 | Lair:1   | Noticed a seven-headed hydra
 10689 | Lair:1   | Killed a seven-headed hydra
 10779 | Lair:1   | Noticed a six-headed hydra
 10790 | Lair:1   | Killed a six-headed hydra
 10791 | Lair:1   | Reached skill level 9 in Fighting
 10915 | Lair:1   | Noticed a seven-headed hydra
 10928 | Lair:1   | Killed a seven-headed hydra
 10929 | Lair:1   | Reached skill level 7 in Armour
 10929 | Lair:1   | Reached skill level 3 in Transmutations
 10941 | Lair:1   | magus.rc [v1.9.6]
 10941 | Lair:1   | magus.rc [v1.9.6]
 11736 | Lair:2   | Reached skill level 9 in Short Blades
 11863 | Lair:2   | Reached skill level 4 in Transmutations
 11863 | Lair:2   | Reached skill level 7 in Invocations
 11946 | Lair:2   | Identified the +1 helmet of the Spider Nest {rElec}
 12245 | Lair:2   | Reached skill level 6 in Dodging
 12393 | Lair:3   | Noticed Snorg
 12410 | Lair:3   | Killed Snorg
 12411 | Lair:3   | Reached XP level 13. HP: 48/70 MP: 17/21
 12478 | Lair:3   | You add the spells Sting, Poisonous Vapours and Olgreb's
                  | Toxic Radiance to your library.
 12481 | Lair:3   | Learned a level 1 spell: Sting
 12547 | Lair:3   | Found a hole to the Spider Nest.
 12551 | Lair:3   | Reached skill level 5 in Spellcasting
 12621 | Lair:3   | Reached skill level 1 in Poison Magic
 12955 | Lair:3   | Reached skill level 2 in Poison Magic
 13042 | Lair:3   | Reached skill level 10 in Short Blades
 13062 | Lair:3   | Noticed Rupert
 13073 | Lair:3   | Killed Rupert
 13075 | Lair:3   | g - a +2 triple sword of holy wrath {longrare=g}
 13235 | Lair:3   | Reached skill level 8 in Armour
 13367 | Lair:3   | Found a blossoming altar of Fedhas.
 13566 | Lair:4   | Found a staircase to the Swamp.
 13630 | Lair:4   | Reached skill level 10 in Fighting
 13630 | Lair:4   | Reached skill level 8 in Invocations
 13886 | Lair:4   | Noticed Nessos
 13899 | Lair:4   | Killed Nessos
 13929 | Lair:4   | Paralysed by a floating eye for 2 turns
 13935 | Lair:4   | Paralysed by a floating eye for 3 turns
 13992 | Lair:4   | Found a dark tunnel.
 14002 | Volcano  | Entered a volcano
 14055 | Volcano  | Reached skill level 3 in Poison Magic
 14078 | Volcano  | Reached skill level 6 in Spellcasting
 14191 | Volcano  | Reached XP level 14. HP: 74/77 MP: 24/24
 14229 | Volcano  | Found a radiant altar of Vehumet.
 14290 | Volcano  | Found a radiant altar of Vehumet.
 14361 | Lair:4   | You drop a +2 triple sword of holy wrath {longrare=g}.
 14363 | Lair:4   | g - a +2 triple sword of holy wrath {longrare=g}
 14594 | Lair:5   | Reached skill level 7 in Dodging
 14792 | Lair:5   | Found a transporter.
 14796 | Lair:5   | Noticed Mahakala's ghost (journeyman DgAE)
 14841 | Lair:5   | Reached skill level 11 in Short Blades
 14893 | Lair:5   | Reached skill level 4 in Poison Magic
 15078 | Lair:5   | You drop a +2 triple sword of holy wrath {longrare=g}.
 15083 | Lair:5   | g - a +2 triple sword of holy wrath {longrare=g}
 15170 | Lair:5   | Found a transporter.
 15462 | Lair:5   | You drop a +2 triple sword of holy wrath {longrare=g}.
 15464 | Lair:6   | Entered Level 6 of the Lair of Beasts
 15464 | Lair:6   | Reached ****** piety under the Shining One
 15464 | Lair:6   | Found a shimmering altar of Xom.
 15467 | Lair:5   | g - a +2 triple sword of holy wrath {longrare=g}
 16306 | D:12     | You add the spells Conjure Flame, Ignite Poison and Sticky
                  | Flame to your library.
 16521 | D:12     | Found a staircase to the Orcish Mines.
 16792 | D:12     | You drop a +2 triple sword of holy wrath {longrare=g}.
 16795 | D:12     | g - a +2 triple sword of holy wrath {longrare=g}
 16852 | D:12     | Found Muabiel's Overcharged Wands.
 17053 | D:12     | You drop a +2 triple sword of holy wrath {longrare=g}.
 17118 | Orc:1    | Entered Level 1 of the Orcish Mines
 17367 | Orc:1    | Reached skill level 9 in Invocations
 17555 | Orc:2    | Entered Level 2 of the Orcish Mines
 17798 | Orc:2    | Reached skill level 7 in Spellcasting
 17858 | Orc:2    | Found a staircase to the Elven Halls.
 18107 | Orc:2    | Found Nenocril's Jewellery Emporium.
 18114 | Orc:2    | Paralysed by an orc sorcerer for 6 turns
 18297 | Orc:2    | Found Unuyjyez's Magic Scroll Boutique.
 18302 | Orc:2    | Bought the amulet "Tynixoxo" {Reflect Str+2 Int+6 Dex-3
                  | SH+5} for 760 gold pieces
 18317 | Orc:2    | Found Innem's Weapon Boutique.
 18319 | Orc:2    | Found Hocux's Assorted Antiques.
 18516 | D:12     | v - a +2 triple sword of holy wrath {longrare=g}
 18561 | D:13     | Reached skill level 5 in Poison Magic
 18568 | D:13     | Reached XP level 15. HP: 74/81 MP: 26/26
 18571 | D:13     | Noticed a frost giant
 18582 | D:13     | Killed a frost giant
 18591 | D:13     | Reached skill level 9 in Armour
 18737 | D:13     | Reached skill level 12 in Short Blades
 18742 | D:13     | Reached skill level 10 in Invocations
 18825 | D:13     | Noticed a sphinx
 18857 | D:13     | Killed a sphinx
 18989 | D:13     | Reached skill level 11 in Fighting
 19119 | D:13     | Found a frozen archway.
 19152 | IceCv    | Entered an ice cave
 19292 | IceCv    | Reached skill level 8 in Dodging
 19380 | IceCv    | Reached skill level 8 in Spellcasting
 19591 | IceCv    | Reached skill level 6 in Poison Magic
 19720 | IceCv    | You add the spells Mephitic Cloud and Irradiate to your
                  | library.
 19720 | IceCv    | Got the Collected Works on Attacks
 19726 | IceCv    | magus.rc [v1.9.6]
 20212 | D:13     | Noticed Azrael
 20221 | D:13     | Killed Azrael
 20312 | D:13     | Found Toezib's Antique Weapon Boutique.
 20668 | D:13     | Learned a level 4 spell: Olgreb's Toxic Radiance
 20672 | D:13     | Learned a level 3 spell: Ignite Poison
 20703 | D:14     | Reached XP level 16. HP: 87/87 MP: 29/29
 20911 | D:14     | Found an opulent altar of Gozag.
 21108 | D:14     | Reached skill level 11 in Invocations
 21108 | D:14     | Reached skill level 1 in Evocations
 21316 | D:14     | Found a gate to the Vaults.
 21319 | D:14     | Reached skill level 13 in Short Blades
 21324 | D:14     | Reached skill level 2 in Evocations
 21532 | D:14     | Noticed Frances
 21539 | D:14     | Killed Frances
 21585 | D:15     | Entered Level 15 of the Dungeon
 21845 | D:15     | Found a broken altar of Ashenzari.
 21971 | D:15     | Found a shimmering altar of Xom.
 22084 | D:15     | Reached skill level 7 in Poison Magic
 22121 | D:15     | Found a staircase to the Depths.
 22190 | D:15     | Reached skill level 9 in Spellcasting
 22343 | D:15     | Reached skill level 3 in Evocations
 22626 | D:15     | magus.rc [v1.9.6]
 22834 | Spider:1 | Entered Level 1 of the Spider Nest
 22849 | Spider:1 | Reached skill level 7 in Shields
 22977 | Spider:1 | Noticed Donald
 23036 | Spider:1 | Noticed Aizul
 23294 | Lair:3   | Killed Aizul
 23479 | Lair:3   | Killed Donald
 23674 | Spider:1 | You pick up a book of Fire and begin reading...
 23674 | Spider:1 | You add the spells Fireball, Starburst and Ignition to your
                  | library.
 24601 | Spider:1 | Identified Roxanne's Collected Works on the Mountains
 24601 | Spider:1 | Noticed Roxanne
 24731 | Spider:2 | Identified a scroll of acquirement
 24742 | Spider:2 | Reached XP level 17. HP: 66/91 MP: 31/31
 24818 | Spider:1 | Reached skill level 4 in Evocations
 24992 | Spider:2 | Acquired 1287 gold pieces
 25274 | Spider:2 | Noticed Agnes
 25287 | Spider:2 | Killed Agnes
 25288 | Spider:2 | Reached skill level 14 in Short Blades
 25453 | Spider:2 | Reached skill level 12 in Invocations
 25616 | Spider:2 | Reached skill level 5 in Transmutations
 25627 | Spider:2 | You pick up a book of Cantrips and begin reading...
 25627 | Spider:2 | You add the spells Animate Skeleton, Summon Small Mammal
                  | and Apportation to your library.
 25807 | Spider:2 | Reached skill level 8 in Shields
 26766 | Spider:3 | Reached skill level 6 in Transmutations
 26957 | Spider:3 | Noticed Mara
 27071 | Spider:3 | Noticed GrayStillPlays's illusion
 27325 | Swamp:1  | Entered Level 1 of the Swamp
 27345 | Swamp:1  | Noticed Josephine
 27360 | Swamp:1  | Killed Josephine
 27400 | Swamp:1  | Noticed Mlioglotl
 27407 | Swamp:1  | Killed Mlioglotl
 27463 | Swamp:1  | Reached skill level 9 in Shields
 27553 | Swamp:1  | Noticed Kirke
 27572 | Swamp:1  | Killed Kirke
 27573 | Swamp:1  | Reached skill level 7 in Transmutations
 27583 | Swamp:1  | Reached skill level 13 in Invocations
 27726 | Swamp:1  | Noticed Louise
 27741 | Swamp:1  | Killed Louise
 27743 | Swamp:1  | V - a +4 eveningstar of freezing {macerare=g}
 28372 | Swamp:2  | Reached XP level 18. HP: 82/96 MP: 32/32
 28418 | Swamp:2  | HP: 20/96 [spriggan rider (7)]
 28560 | Swamp:2  | Identified the +1 robe "Jaulir" {rPois rC- Slay+6 Stlth+}
 29050 | Swamp:3  | Found the +3 Mad Mage's Maulers {Infuse+∞ RegenMP Int-3}
 29059 | Swamp:3  | Reached skill level 8 in Transmutations
 29345 | Swamp:3  | Identified the +0 leather armour of Viosette {rF+ Regen+
                  | rCorr}
 29662 | Swamp:3  | HP: 19/96 [will-o-the-wisp/foxfire (24)]
 29681 | Swamp:3  | HP: 13/96 [will-o-the-wisp/foxfire (16)]
 29770 | Swamp:2  | You drop a +2 triple sword of holy wrath {longrare=g}.
 29771 | Swamp:2  | You drop a +4 eveningstar of freezing {macerare=g}.
 29836 | Swamp:3  | Reached skill level 10 in Shields
 30103 | Swamp:4  | Entered Level 4 of the Swamp
 30189 | Swamp:4  | You add the spells Summon Forest and Eringya's Noxious Bog
                  | to your library.
 30263 | Swamp:3  | HP: 22/96 [swamp dragon (5)]
 30563 | Swamp:4  | Noticed the 27-headed Lernaean hydra
 30587 | Swamp:4  | Killed the 27-headed Lernaean hydra
 30596 | Swamp:4  | Reached skill level 14 in Invocations
 30599 | Swamp:4  | Reached skill level 9 in Transmutations
 30847 | Swamp:4  | Got a decaying rune of Zot
 31294 | D:4      | Killed issech's ghost
 31572 | Orc:2    | Bought a scroll of blinking for 90 gold pieces
 31769 | Spider:1 | Killed Roxanne
 31773 | Spider:1 | You add the spells Sandblast, Passwall, Animate Armour,
                  | Borgnjor's Vile Clutch and Statue Form to your library.
 31936 | Spider:1 | Learned a level 6 spell: Statue Form
 32279 | D:6      | Killed tizbic2's ghost
 32482 | D:14     | magus.rc [v1.9.6]
 32675 | Vaults:1 | Entered Level 1 of the Vaults
 32770 | Vaults:1 | Reached skill level 1 in Earth Magic
 32976 | Vaults:1 | Reached skill level 2 in Earth Magic
 32986 | Vaults:1 | Reached skill level 11 in Shields
 33037 | Vaults:1 | Reached skill level 3 in Earth Magic
 33113 | Vaults:1 | You add the spells Blink, Manifold Assault and Storm Form
                  | to your library.
 33117 | Vaults:1 | Learned a level 2 spell: Blink
 33121 | Vaults:1 | Learned a level 3 spell: Mephitic Cloud
 33172 | Vaults:1 | Reached skill level 4 in Earth Magic
 33205 | Vaults:1 | Reached skill level 5 in Earth Magic
 33288 | Vaults:1 | Reached XP level 19. HP: 84/100 MP: 18/33
 33295 | Vaults:1 | Reached skill level 1 in Air Magic
 33678 | Vaults:1 | Reached skill level 2 in Air Magic
 33916 | Vaults:1 | Reached skill level 3 in Air Magic
 34190 | Vaults:1 | Reached skill level 4 in Air Magic
 34790 | Vaults:2 | Noticed Sojobo
 34804 | Vaults:2 | Reached skill level 5 in Air Magic
 34811 | Vaults:2 | HP: 25/100 [tengu reaver[Sojobo] (13)]
 34816 | Vaults:2 | HP: 11/100 [Sojobo (17)]
 34821 | Vaults:2 | HP: 6/150 [Sojobo (2)]
 34830 | Vaults:2 | Paralysed by an air elemental for 1 turns
 34831 | Vaults:2 | HP: 8/150 [air elemental[Sojobo] (3)]
 34831 | Vaults:2 | HP: 1/150 [air elemental[Sojobo] (7)]
 34831 | Vaults:2 | The Shining One protects you from harm!
 34833 | Vaults:2 | Slain by Sojobo

Vanquished Creatures
  the Lernaean hydra (Swamp:4)
  Rupert (Lair:3)
  Agnes (Spider:2)
  2 thorn hunters (Swamp:4)
  2 sphinxes
  Frances (D:14)
  Kirke (Swamp:1)
  A frost giant (D:13)
  3 ghost moths (Spider:2)
  A vault warden (Vaults:1)
  Aizul (Lair:3)
  6 ironbound preservers (Vaults:1)
  2 war gargoyles (Vaults:1)
  5 broodmothers (Spider:2)
  Nessos (Lair:4)
  4 entropy weavers
  A bunyip (Swamp:1)
  3 eleionomae
  A spark wasp (Spider:2)
  Snorg (Lair:3)
  A crystal guardian (Vaults:1)
  Josephine (Swamp:1)
  A fire dragon (D:13)
  A great orb of eyes (Vaults:2)
  A yaktaur captain (Vaults:1)
  5 vault guards
  8 boulder beetles
  2 peacekeepers (Vaults:1)
  20 hydras
  A catoblepas (D:13)
  An ogre mage (Volcano)
  2 jorogumos
  4 ironbound frosthearts
  12 two-headed ogres
  8 centaur warriors
  A dancing weapon (Vaults:1)
  A ghost crab (Swamp:1)
  5 death yaks (IceCv)
  2 radroaches (Spider:2)
  5 tengu warriors
  3 orc high priests (Orc:2)
  7 alligators
  A deep troll earth mage (D:13)
  2 hell knights
  Nergalle (Lair:1)
  4 pharaoh ants
  3 skeletal warriors
  A spark wasp zombie (D:15)
  A sun moth (Spider:2)
  8 swamp dragons
  3 goliath frogs (Swamp:2)
  15 deep trolls (Vaults:1)
  A deep troll (shapeshifter) (D:13)
  5 spriggan druids
  2 orb spiders (Spider:1)
  A wizard (Vaults:1)
  4 bog bodies
  6 steelbarb worms
  4 ironbound convokers (Vaults:1)
  A phantasmal warrior (D:15)
  7 orc knights
  4 deep elf pyromancers
  A necromancer (D:15)
  2 deep elf zephyrmancers
  A tengu skeleton (D:15)
  5 orc sorcerers (Orc:2)
  6 wolf spiders
  A manticore (D:15)
  6 will-o-the-wisps
  The ghost of tizbic2 the Magician, a novice DjNe (D:6)
  11 ugly things
  A manticore (shapeshifter) (D:14)
  2 moths of wrath
  10 cyclopes
  2 black mambas
  An ice statue (IceCv)
  3 torpor snails
  9 elephants
  3 gargoyles
  A vault sentinel (Vaults:2)
  Maggie (Lair:1)
  8 cane toads
  5 rime drakes
  5 demonic crawlers
  A kobold demonologist (D:9)
  2 komodo dragons (shapeshifter) (D:13)
  2 spriggan zombies (D:15)
  8 komodo dragons
  7 yaktaurs
  2 tengu conjurers
  4 efreet
  11 polar bears
  3 tyrant leeches
  10 meliai
  A troll (Orc:1)
  9 hornets
  14 blink frogs
  9 slime creatures
  17 tarantellas
  A raiju (shapeshifter) (D:13)
  14 jumping spiders
  A centaur simulacrum (D:13)
  6 shadows
  7 wraiths
  2 vampires
  25 culicivoras
  2 fire elementals (D:13)
  2 wyverns
  61 yaks
  12 spriggans
  5 basilisks
  2 hogs (Swamp:1)
  7 fire bats (Volcano)
  2 humans (D:8)
  8 vampire mosquitoes
  A steam dragon (Lair:3)
  23 redbacks
  14 swamp worms
  A warg (D:15)
  An acid dragon (D:12)
  A hell hound (D:13)
  15 water moccasins
  9 swamp drakes
  An ice beast (D:6)
  2 sky beasts
  23 orc warriors
  4 black bears
  A necrophage (D:6)
  6 boggarts
  7 ogres
  5 centaurs
  30 wolves
  3 phantoms
  3 kobold brigands
  8 bullfrogs
  A water moccasin zombie (D:5)
  4 scorpions
  A wyvern skeleton (D:6)
  2 water moccasin skeletons (D:5)
  10 killer bees (D:8)
  8 wights
  7 howler monkeys
  7 crimson imps (D:10)
  7 lava snakes (Volcano)
  8 centaur zombies
  A jelly (D:5)
  3 hounds
  11 orc priests
  3 iguanas (D:5)
  A scorpion zombie (D:5)
  Natasha (thrice) (D:2)
  18 orc wizards
  6 ogre zombies (D:12)
  9 mummies
  2 howler monkey zombies
  5 adders
  3 white imps
  An ufetubus (D:4)
  An adder skeleton (D:4)
  A worm (D:2)
  8 dart slugs
  65 orcs
  8 endoplasms
  4 giant cockroaches
  14 hobgoblins
  3 jackals (D:1)
  17 kobolds
  4 quokkas
  11 ball pythons
  8 bats
  2 frilled lizards
  2 gnoll zombies (Ossuary)
  8 goblins
  A goblin zombie (D:12)
  2 hobgoblin skeletons (D:12)
  4 hobgoblin zombies
  2 kobold zombies (Ossuary)
  3 orc skeletons (D:12)
  13 orc zombies
  6 rats
  A butterfly (Lair:2)
1014 creatures vanquished.

Vanquished Creatures (collateral kills)
  Mlioglotl (Swamp:1)
  Roxanne (Spider:1)
  Donald (Lair:3)
  2 tengu reavers (Vaults:2)
  Louise (Swamp:1)
  Azrael (D:13)
  An entropy weaver (Vaults:2)
  5 hydras
  A centaur warrior (D:13)
  A death knight (D:14)
  A steelbarb worm (Spider:1)
  An orb spider (Spider:3)
  A skeletal warrior (D:14)
  A phantasmal warrior (D:14)
  8 swamp dragons
  The ghost of issech the Cudgeller, an amateur TrMo (D:4)
  2 slime creatures (D:14)
  2 tarantellas
  A yak (shapeshifter) (D:14)
  A fire elemental (D:13)
  A redback (Spider:1)
  2 hell hounds (D:13)
  2 swamp drakes (Swamp:4)
  2 centaurs (D:14)
  2 centaur zombies (D:4)
  A centaur skeleton (D:4)
44 creatures vanquished.

Vanquished Creatures (others)
  An ogre mage (D:15)
  A catoblepas (D:15)
  An alligator (Swamp:1)
  A spriggan druid (Swamp:4)
  An ugly thing (D:13)
  A cyclops (D:15)
  2 bloated husks (Swamp:2)
  A tarantella (Spider:1)
  A redback (Spider:1)
  A vampire mosquito (D:13)
  A boggart (D:15)
  An orc (Orc:2)
  54 foxfires
  36 fungi
  31 plants
  5 withered plants (D:15)
139 creatures vanquished.

Grand Total: 1197 creatures vanquished

Table legend:
 A = Non-vault XP
 B = Vault XP
 C = Vault XP percentage of total XP
 D = Non-vault monster count
 E = Vault monster count
 F = Vault count percentage of total count
                 A         B        C        D         E       F
            +---------+---------+-------+---------+---------+-------
      Total |  183471 |  157204 |  46.1 |     671 |     392 |  36.9
            +---------+---------+-------+---------+---------+-------
        D:1 |      68 |      16 |  19.0 |      29 |       7 |  19.4
        D:2 |     137 |      35 |  20.3 |      26 |       1 |   3.7
        D:3 |      64 |       0 |   0.0 |      16 |       0 |   0.0
        D:4 |     264 |     526 |  66.6 |      27 |       5 |  15.6
        D:5 |     785 |       0 |   0.0 |      18 |       0 |   0.0
        D:6 |    1464 |     982 |  40.1 |      18 |      13 |  41.9
        D:7 |     538 |      18 |   3.2 |      12 |       1 |   7.7
        D:8 |    1232 |     370 |  23.1 |      18 |       2 |  10.0
        D:9 |    2166 |       0 |   0.0 |      16 |       0 |   0.0
       D:10 |    2156 |     368 |  14.6 |      12 |       9 |  42.9
       D:11 |    2890 |    3445 |  54.4 |      12 |      15 |  55.6
       D:12 |    5179 |     642 |  11.0 |      24 |      29 |  54.7
       D:13 |    3795 |   24905 |  86.8 |       7 |      49 |  87.5
       D:14 |    9175 |    8677 |  48.6 |      22 |      11 |  33.3
       D:15 |    8205 |    8935 |  52.1 |      24 |      14 |  36.8
     Lair:1 |    5419 |    2909 |  34.9 |      18 |       4 |  18.2
     Lair:2 |    7149 |       0 |   0.0 |      29 |       0 |   0.0
     Lair:3 |    8996 |    6818 |  43.1 |      34 |      11 |  24.4
     Lair:4 |    4450 |    1540 |  25.7 |      18 |       2 |  10.0
     Lair:5 |    7216 |    1862 |  20.5 |      24 |       4 |  14.3
    Swamp:1 |    9126 |    6625 |  42.1 |      20 |      10 |  33.3
    Swamp:2 |   15001 |       0 |   0.0 |      31 |       0 |   0.0
    Swamp:3 |    6897 |    3716 |  35.0 |      16 |       6 |  27.3
    Swamp:4 |   10699 |   17101 |  61.5 |      17 |      26 |  60.5
   Spider:1 |   17179 |    1397 |   7.5 |      48 |       1 |   2.0
   Spider:2 |   17412 |   15801 |  47.6 |      47 |      22 |  31.9
   Spider:3 |    4832 |       0 |   0.0 |      11 |       0 |   0.0
      Orc:1 |     959 |     949 |  49.7 |       3 |      18 |  85.7
      Orc:2 |    3259 |    8273 |  71.7 |      29 |      25 |  46.3
   Vaults:1 |   24603 |   16694 |  40.4 |      42 |      19 |  31.1
   Vaults:2 |    2156 |    3179 |  59.6 |       3 |       3 |  50.0
    Ossuary |       0 |     150 | 100.0 |       0 |      16 | 100.0
      IceCv |       0 |   13810 | 100.0 |       0 |      48 | 100.0
    Volcano |       0 |    7461 | 100.0 |       0 |      21 | 100.0
            +---------+---------+-------+---------+---------+-------

Illustrated notes

Table legend:
 A = Kills in this place as a percentage of kills in entire the game.
 B = Kills by you in this place as a percentage of kills by you in the entire game.
 C = Kills by friends in this place as a percentage of kills by friends in the entire game.
 D = Other kills in this place as a percentage of other kills in the entire game.
 E = Experience gained in this place as a percentage of experience gained in the entire game.
 F = Experience gained in this place divided by the number of levels of this place that you have seen.
                   A       B       C       D       E      F
               +-------+-------+-------+-------+-------+----------------------
         Total | 100.0 | 100.0 | 100.0 | 100.0 | 100.0 | 9463.2
       Dungeon |  41.1 |  41.2 |  43.2 |  16.7 |  25.5 | 5802.5
          Lair |  13.5 |  14.1 |   2.3 |   0.0 |  13.6 | 7726.5
         Swamp |  11.9 |  10.6 |  34.1 |  66.7 |  20.3 | 17291.2
   Spider Nest |  12.1 |  12.1 |  11.4 |  16.7 |  16.6 | 18873.7
  Orcish Mines |   7.1 |   7.4 |   0.0 |   0.0 |   3.9 | 6720.0
        Vaults |   6.3 |   6.2 |   9.1 |   0.0 |  13.7 | 23316.0
       Ossuary |   1.5 |   1.6 |   0.0 |   0.0 |   0.0 | 150.0
      Ice Cave |   4.5 |   4.7 |   0.0 |   0.0 |   4.1 | 13810.0
       Volcano |   2.0 |   2.1 |   0.0 |   0.0 |   2.2 | 7461.0
               +-------+-------+-------+-------+-------+----------------------

Table legend: (Time is in decaauts)
 A = Elapsed time spent in this place.
 B = Non-inter-level travel time spent in this place.
 C = Inter-level travel time spent in this place.
 D = Time resting spent in this place.
 E = Time spent auto-exploring this place.
 F = Levels seen in this place.
 G = Mean time per level.
                   A        B        C        D        E       F      G
               +--------+--------+--------+--------+--------+-----+--------+
         Total |  33954 |  30350 |   3604 |   2468 |  15019 |  36 |  943.2 |
       Dungeon |  15393 |  13576 |   1817 |    210 |   8289 |  15 | 1026.2 |
        Temple |     51 |     51 |      0 |      0 |      0 |   1 |   51.0 |
          Lair |   6252 |   5135 |   1117 |    445 |   2740 |   6 | 1042.0 |
         Swamp |   3690 |   3462 |    228 |    674 |   1095 |   4 |  922.5 |
   Spider Nest |   3867 |   3794 |     73 |    907 |   1282 |   3 | 1289.0 |
  Orcish Mines |   1405 |   1151 |    254 |      0 |    683 |   2 |  702.5 |
        Vaults |   1968 |   1855 |    113 |    232 |    523 |   2 |  984.0 |
       Ossuary |    209 |    209 |      0 |      0 |     80 |   1 |  209.0 |
      Ice Cave |    782 |    782 |      0 |      0 |    306 |   1 |  782.0 |
       Volcano |    332 |    332 |      0 |      0 |     21 |   1 |  332.0 |
               +--------+--------+--------+--------+--------+-----+--------+

Top non-repeatable levels by time:
Spider:2: 1878 daAuts
Vaults:1: 1850 daAuts
  Lair:3: 1821 daAuts
Spider:1: 1791 daAuts
    D:11: 1532 daAuts
  Lair:5: 1394 daAuts
  Lair:1: 1385 daAuts
 Swamp:3: 1252 daAuts
    D:12: 1217 daAuts
 Swamp:2: 1200 daAuts
    D:13: 1197 daAuts
    D:10: 1161 daAuts
    D:14: 1141 daAuts
     D:1: 1075 daAuts
     D:5: 1067 daAuts
